 Dungeon Crawl Stone Soup version 0.20.0-10-g0535bb4 (webtiles) character file.

78 Gorglomux the Chiller (level 4, -8/24 HPs)
             Began as a Tengu Ice Elementalist on June 7, 2017.
             Was an Initiate of Ashenzari.
             Mangled by Crazy Yiuf
             ... wielding a +2 quarterstaff of chaos
              (11 damage)
             ... on level 2 of the Dungeon.
             The game lasted 00:03:38 (1937 turns).

Gorglomux the Chiller (Tengu Ice Elementalist)      Turns: 1937, Time: 00:03:39

Health: -8/24      AC:  2    Str: 13    XL:     4   Next: 36%
Magic:  9/10       EV: 12    Int: 17    God:    Ashenzari [......]
Gold:   118        SH:  0    Dex: 14    Spells: 8/9 levels left

rFire    . . .     SeeInvis .   k - +2 hunting sling (flame)
rCold    . . .     Gourm    .   (no shield)
rNeg     . . .     Faith    .   a - +0 robe
rPois    .         Spirit   .   (helmet restricted)
rElec    .         Reflect  .   (no cloak)
rCorr    .         Harm     .   (no gloves)
MR       .....     Rnd*Tele +   (boots unavailable)
Stlth    ++........             (no amulet)
Regen    0.1/turn               t - ring of teleportation (curse)
MPRegen  0.2/turn               (no ring)

@: mighty, lethally poisoned (-8 -> -15)
A: beak, talons 3
a: Curse Item, Renounce Religion


You were on level 2 of the Dungeon.
You worshipped Ashenzari.
Ashenzari was noncommittal.
You were not hungry.

You visited 1 branch of the dungeon, and saw 2 of its levels.

You collected 118 gold pieces.

Inventory:

Hand Weapons
 k - a +2 hunting sling of flaming (weapon)
Missiles
 l - 69 stones (quivered)
 A - 18 sling bullets
Armour
 a - a +0 robe (worn)
Jewellery
 t - a cursed ring of teleportation (left hand)
Scrolls
 e - a scroll of remove curse
 g - 2 scrolls of magic mapping {unknown}
 i - 4 scrolls of identify {unknown}
 m - 2 scrolls of amnesia {unknown}
 o - a scroll of random uselessness {unknown}
 p - a scroll of enchant armour {unknown}
Potions
 d - 2 potions of curing {unknown}
 h - 2 potions of might
 j - 2 potions of heal wounds {unknown}
 n - a potion of flight {unknown}
 r - a potion of haste {unknown}
Books
 b - a book of Frost

   Spells                             Type                      Level
   a - Freeze                         Ice                          1
   b - Throw Frost                    Conjuration/Ice              2
   c - Ozocubu's Armour               Charms/Ice                   3
   d - Throw Icicle                   Conjuration/Ice              4
   e - Summon Ice Beast               Ice/Summoning                4
Comestibles
 c - a bread ration
 z - 2 meat rations


   Skills:
 - Level 2.1 Dodging
 - Level 2.0 Stealth
 + Level 3.4 Spellcasting
   Level 1.3 Conjurations
 + Level 3.5 Ice Magic


You had 8 spell levels left.
You knew the following spells:

 Your Spells              Type           Power        Failure   Level  Hunger
a - Freeze                Ice            ###.         3%          1    None


Dungeon Overview and Level Annotations

Branches:
Dungeon (2/15)

Altars:
Ashenzari

Annotations:
D:2 Crazy Yiuf


Innate Abilities, Weirdness & Mutations

You have a beak for a mouth.
You have claws for feet.


Message History

The floor.
All of the chunks of flesh in your inventory have rotted away.
There is an escape hatch in the floor here.
Casting: Freeze
Confirm with . or Enter, or press ? or * to list all spells.
Aiming: Freeze
Press: ? - help, Shift-Dir - straight line, f/p - Crazy Yiuf
Aim: Crazy Yiuf, wielding a quarterstaff of chaos and wearing a cloak (lightly wounded)
You freeze Crazy Yiuf.
Crazy Yiuf is heavily wounded.
Crazy Yiuf hits you with a quarterstaff of chaos!
* * * LOW HITPOINT WARNING * * *
You are lethally poisoned!
Unknown command.
It was a potion of might.
You feel very mighty all of a sudden.
* * * LOW HITPOINT WARNING * * *
You feel sick.
Crazy Yiuf hits you with a quarterstaff of chaos!
You die...

...........#............#......##
........................#......##
###.########........##..#........
#.# #.....#..................
##'#####........................
#........................###....
#........................'......
#..............#+#.......###....
#......###.....@g>.......# #....
##........#.....#.#.......# #....
.'..............#.#.##....###....
##...).....................##..#.
##.........................##..#.
...........................##....
...........##################..#.
...........## #.....
............##♣♣♣♣♣ #.....


You could see Crazy Yiuf.

Vanquished Creatures
  An adder (D:2)
  2 oozes (D:1)
  3 worms (D:2)
  2 dart slugs
  3 leopard geckos
  7 bats
  A giant cockroach (D:1)
  9 goblins
  3 hobgoblins
  6 kobolds
  A quokka (D:2)
  3 frilled lizards
  5 rats
  A fungus (D:2)
47 creatures vanquished.

Notes
Turn   | Place    | Note
-------+----------+-------------------------------------------
     0 | D:1      | Gorglomux the Tengu Ice Elementalist began the quest for the Orb.
     0 | D:1      | Reached XP level 1. HP: 10/10 MP: 4/4
    84 | D:1      | Reached XP level 2. HP: 12/15 MP: 0/6
   142 | D:1      | Reached skill level 3 in Ice Magic
   450 | D:1      | Reached XP level 3. HP: 19/19 MP: 6/8
   571 | D:1      | Reached skill level 3 in Spellcasting
  1272 | D:2      | Reached XP level 4. HP: 24/24 MP: 10/10
  1407 | D:2      | Found a shattered altar of Ashenzari.
  1654 | D:2      | Became a worshipper of Ashenzari the Shackled
  1850 | D:2      | Found a faded altar of an unknown god.
  1900 | D:2      | Found a runed door.
  1904 | D:2      | Noticed Crazy Yiuf
  1937 | D:2      | Mangled by Crazy Yiuf

Skill      XL: |  1  2  3 |
---------------+----------+-----
Ice Magic      | 3 |  3.5
Spellcasting   | 3 |  3.4
Dodging        | |  2.1
Stealth        | |  2.0
Conjurations   | |  1.3

Action                   |  1- 3 |  4- 6 || total
-------------------------+-------+-------++-------
Melee: Unarmed           |     3 |       ||     3
       Kick              |     1 |       ||     1
 Fire: Hunting sling     |    37 |    26 ||    63
 Cast: Freeze            |    35 |     1 ||    36
  Use: Potion            |       |     1 ||     1
 Stab: Sleeping          |     1 |       ||     1
  Eat: Chunk             |     1 |     2 ||     3
Armor: Robe              |     4 |       ||     4
Dodge: Dodged            |    19 |     1 ||    20
